 Dungeon Crawl Stone Soup version 0.28-a0-622-gbaef9634d7 (webtiles) character file.

Game seed: 14219867813201019300

4 sleeves the Skirmisher (level 1, 4/18 HPs)
             Began as a Demonspawn Fighter on Oct 7, 2021.
             Quit the game on level 1 of the Dungeon.
             The game lasted 00:00:15 (147 turns).

sleeves the Skirmisher (Demonspawn Fighter)          Turns: 147, Time: 00:00:16

Health: 4/18       AC:  6    Str: 16    XL:     1   Next: 50%
Magic:  1/1        EV:  9    Int:  9    God:
Gold:   6          SH:  0    Dex: 12    Spells: 0/0 levels left

rFire   . . .      SeeInvis .   a - +0 long sword
rCold   . . .      Faith    .   (no shield)
rNeg    . . .      Spirit   .   b - +0 scale mail
rPois   .          Reflect  .   (no helmet)
rElec   .          Harm     .   (no cloak)
rCorr   .          Rampage  .   (no gloves)
Will    .....                   (no boots)
Stlth   ..........              (no amulet)
HPRegen 0.06/turn               (no ring)
MPRegen 0.07/turn               (no ring)

@: lethally poisoned (4 -> 0)
A: no striking features
a: no special abilities


You were on level 1 of the Dungeon.
You visited 1 branch of the dungeon, and saw 1 of its levels.

You collected 6 gold pieces.

Inventory:

Hand Weapons
 a - a +0 long sword (weapon)
Armour
 b - a +0 scale mail (worn)
 c - a +0 buckler
Potions
 d - a potion of might


   Skills:
 - Level 3.0 Fighting
 + Level 2.1 Long Blades
 - Level 2.6 Armour
 - Level 2.6 Shields


You couldn't memorise any spells.
You didn't know any spells.
Your spell library was empty.

Dungeon Overview and Level Annotations

Branches:
Dungeon (1/15)

Altars:


Message History

Welcome, sleeves the Demonspawn Fighter.
Will you prevail where others failed? Will you find the Orb of Zot?
Press ? for a list of commands and other information.
Found 28 bolts.
Found a staircase leading out of the dungeon.
You start removing your armour.
You continue taking off your +0 buckler. x4
You finish taking off your +0 buckler.
Found 13 stones.
Found a dagger.
A dart slug comes into view.
A dart slug is nearby!
Found 6 gold pieces.
You hit the dart slug.
The dart slug is lightly wounded.
The dart slug barely misses you.
You hit the dart slug.
The dart slug is heavily wounded.
The dart slug bites you but does no damage.
You slash the dart slug!
You kill the dart slug!
Your Long Blades skill increases to level 2!
No target in view!
You now have 6 gold pieces.
Found an escape hatch in the floor.
No target in view!
A kobold comes into view. It is wielding a +2 dagger of venom.
The kobold shouts!
The kobold hits you but does no damage.
You are poisoned.
A kobold is nearby!
You miss the kobold.
You feel sick.
The kobold hits you with a +2 dagger of venom.
You are lethally poisoned!
You hit the kobold.
The kobold is heavily wounded.
You feel very sick. The kobold barely misses you.
You are too injured to fight recklessly!
You are too injured to fight recklessly!
You barely miss the kobold.
The kobold is heavily wounded.
* * * LOW HITPOINT WARNING * * *
You feel very sick. The kobold hits you but does no damage.
You hit the kobold.
You kill the kobold!
* * * LOW HITPOINT WARNING * * *
You feel sick.
Okay, then.
* * * LOW HITPOINT WARNING * * *
You feel sick.
Things that are here:
a +2 dagger of venom; a kobold corpse Are you sure you want to abandon this character and quit the game? (Confirm with "yes".)

#.# #....#
#....†..###### #.#
#.##.# #.#...#.# #.#
#.##.#####.#...#.#
#.###.##...........#.#
#.....####..#####..#.#
#.##### #..# #..#.#
#.# #.># #..... #.##
#..#####.##..
#..#######@.......
#...........#####.
##.#######...# #.#
##..# #.# ..# #.# ..#
#.# ..# #.# ..# #.#


There were no monsters in sight!

Vanquished Creatures
  A dart slug (D:1)
  A kobold (D:1)
2 creatures vanquished.

Notes
Turn   | Place    | Note
-------+----------+-------------------------------------------
     0 | D:1      | sleeves the Demonspawn Fighter began the quest for the Orb.
     0 | D:1      | Reached XP level 1. HP: 18/18 MP: 1/1
   104 | D:1      | Reached skill level 2 in Long Blades
   144 | D:1      | HP: 7/18 [poisoned by a kobold]
   147 | D:1      | Quit the game

Illustrated notes

Levels and vault maps discovered:
D:1:      psy_arrival_dodecagon, layout_loops_ring

Skill      XL: |  1 |
---------------+----+-----
Long Blades    | 2 |  2.1
Fighting       | |  3.0
Armour         | |  2.6
Shields        | |  2.6

Action                   || total
-------------------------++-------
Melee: Long sword        ||     7
Armor: Scale mail        ||     3
Dodge: Dodged            ||     2

Table legend: (Time is in decaauts)
 A = Elapsed time spent in this place.
 B = Non-inter-level travel time spent in this place.
 C = Inter-level travel time spent in this place.
 D = Time resting spent in this place.
 E = Time spent auto-exploring this place.
 F = Levels seen in this place.
 G = Mean time per level.
                   A        B        C        D        E       F      G
               +--------+--------+--------+--------+--------+-----+--------+
         Total |    149 |    149 |      0 |      0 |    126 |   1 |  149.0 |
       Dungeon |    149 |    149 |      0 |      0 |    126 |   1 |  149.0 |
               +--------+--------+--------+--------+--------+-----+--------+

Top non-repeatable levels by time:
     D:1: 149 daAuts
